 Dungeon Crawl Stone Soup version 0.31.0-11-ge490571c62 (webtiles) character file.

Game seed: 9563775746833859203

725 garrulousMonolith the Digger (level 7, -7/41 HPs)
             Began as a Gargoyle Earth Elementalist on Jan 30, 2024.
             Killed from afar by Pikel (9 damage)
             ... with a puff of flame
             ... on level 4 of the Dungeon.
             The game lasted 00:06:52 (3978 turns).

garrulousMonolith the Digger (GrEE)                 Turns: 3978, Time: 00:06:52

Health: -7/41      AC:  9    Str: 11    XL:     7   Next: 71%
Magic:  1/12       EV: 11    Int: 18    God:
Gold:   94         SH:  0    Dex: 10    Spells: 5/12 levels left

rFire   . . .        c - +0 dagger
rCold   . . .        (no shield)
rNeg    + . .        h - +0 leather armour
rPois   ∞            (no helmet)
rElec   +            d - +0 cloak
rCorr   .            (no gloves)
SInv    .            (no boots)
Will    .....        (no amulet)
Stlth   ++           (no ring)
HPRegen 0.26/turn    (no ring)
MPRegen 0.13/turn

%: no passive effects
@: no status effects
A: sickness immunity, AC +4, negative energy resistance 1, electricity
resistance, torment resistance 1, petrification resistance
a: no special abilities


You were on level 4 of the Dungeon.
You visited 1 branch of the dungeon, and saw 4 of its levels.

You collected 118 gold pieces.
You spent 24 gold pieces at shops.

Inventory:

Hand Weapons
 c - a +0 dagger (weapon)
 o - a +0 longbow
Missiles
 n - 6 javelins
 p - a throwing net
Armour
 a - a +0 robe
 d - a +0 cloak (worn)
 h - a +0 leather armour (worn)
 j - a +0 ring mail
Jewellery
 k - an amulet of the acrobat
Wands
 e - a wand of polymorph (6)
Scrolls
 l - 2 scrolls of fog {unknown}
 m - a scroll of amnesia {unknown}
Potions
 f - 2 potions of attraction
 g - a potion of brilliance {unknown}
 i - a potion of lignification {unknown}


   Skills:
 + Level 3.2 Fighting
 + Level 3.2 Armour
 - Level 1.5 Dodging
 - Level 2.1 Stealth
 + Level 3.4 Spellcasting
 * Level 4.6 Conjurations
 * Level 6.3 Earth Magic


You had 5 spell levels left.
You knew the following spells:

 Your Spells              Type           Power      Damage    Failure   Level
a - Sandblast             Erth           50%        2d12      1%          1
b - Stone Arrow           Conj/Erth      44%        3d9       6%          3
c - Passwall              Erth           25%        N/A       4%          3

Your spell library contained the following spells:

 Spells                   Type           Power      Damage    Failure   Level
 Apportation              Tloc           6%         N/A       21%         1
 Slow                     Hex            12%        N/A       21%         1
 Brom's Barrelling Bould  Conj/Erth      22%        2d4       21%         4
 Jinxbite                 Hex            6%         N/A       30%         2
 Petrify                  Alch/Erth      14%        N/A       47%         4
 Confusing Touch          Hex            3%         N/A       52%         3
 Sigil of Binding         Hex            3%         N/A       52%         3
 Vampiric Draining        Necr           3%         2d6       52%         3
 Alistair's Intoxication  Alch           2%         N/A       99%         5


Dungeon Overview and Level Annotations

Branches:
Dungeon (4/15)
 Temple: D:4-7

Altars:
Kikubaaqudgha
Trog

Shops:
D:3 ?

Annotations:
D:4 Pikel


Innate Abilities, Weirdness & Mutations

You are immune to sickness and miasma.
Your stone body is resilient. (AC +4)
You are immune to poison.
You resist negative energy. (rN+)
You are resistant to electric shocks. (rElec)
You are resistant to unholy torment.
You are immune to petrification.


Message History

Casting: Stone Arrow (dangerous; 6% risk of failure)
Confirm with . or Enter, or press ? or * to list all spells.
Aiming: Sandblast (safe; 1% risk of failure)
Press: ? - help, Shift-Dir - straight line, f/p - Pikel
Aim: Pikel, wielding a +0 whip of flaming, wearing a +2 robe of resistance and carrying a wand of flame (almost dead, 79% to hit)
The blast of sand hits Pikel but does no damage.
Pikel is almost dead.
Pikel closely misses you.
Pikel zaps a wand.
The puff of flame hits you but does no damage.
Casting: Sandblast (safe; 1% risk of failure)
Confirm with . or Enter, or press ? or * to list all spells.
Aiming: Stone Arrow (dangerous; 6% risk of failure)
Press: ? - help, Shift-Dir - straight line, f/p - Pikel
Aim: Pikel, wielding a +0 whip of flaming, wearing a +2 robe of resistance and carrying a wand of flame (almost dead, 64% to hit)
The stone arrow misses Pikel.
Pikel barely misses you.
Unknown command.
Casting: Stone Arrow (dangerous; 6% risk of failure)
Confirm with . or Enter, or press ? or * to list all spells.
Aiming: Sandblast (safe; 1% risk of failure)
Press: ? - help, Shift-Dir - straight line, f/p - Pikel
Aim: Pikel, wielding a +0 whip of flaming, wearing a +2 robe of resistance and carrying a wand of flame (almost dead, 79% to hit)
The blast of sand hits Pikel but does no damage.
Pikel is almost dead.
Pikel hits you with a +0 whip of flaming!
* * * LOW HITPOINT WARNING * * *
Pikel burns you.
* * * LOW HITPOINT WARNING * * *
Casting: Sandblast (safe; 1% risk of failure)
Confirm with . or Enter, or press ? or * to list all spells.
Aiming: Sandblast (safe; 1% risk of failure)
Press: ? - help, Shift-Dir - straight line, f/p - Pikel
Aim: Pikel, wielding a +0 whip of flaming, wearing a +2 robe of resistance and carrying a wand of flame (almost dead, 79% to hit)
The blast of sand hits Pikel but does no damage.
Pikel is almost dead.
Pikel zaps a wand.
The puff of flame hits you.
* * * LOW HITPOINT WARNING * * *
Pikel says, "Don't tell anyone, but I think Ereshkigal likes me."
Pikel zaps a wand.
The puff of flame hits you!
You die...
Pikel says, "Another soul for the market."

#..####.##.########...)####
##.# #.##.### #.#### #.#
#......## #.# #.. ######..#
#.# ##. ##.#####K# .
#.......# ###.#####
######5..# #.)@K55###
#....###### #####


You could see Pikel and 3 lemures.

Vanquished Creatures
  Grinder (D:3)
  A lemure (D:4)
  A scorpion (D:4)
  A howler monkey (D:4)
  A bombardier beetle (D:4)
  A crimson imp (D:4)
  2 jellies (D:4)
  An iguana (D:4)
  Ijyb (D:4)
  3 orc wizards (D:4)
  2 gnolls (D:1)
  7 adders
  2 white imps (D:4)
  5 dart slugs
  A ribbon worm (D:2)
  4 orcs
  6 endoplasms
  3 giant cockroaches
  8 hobgoblins
  3 jackals (D:2)
  2 quokkas (D:1)
  6 ball pythons
  3 bats
  3 frilled lizards (D:3)
  6 goblins
  6 kobolds
  2 rats (D:1)
82 creatures vanquished.

Notes
Turn   | Place    | Note
-------+----------+-------------------------------------------
     0 | D:1      | garrulousMonolith the Gargoyle Earth Elementalist began the
                  | quest for the Orb.
     0 | D:1      | Reached XP level 1. HP: 10/10 MP: 3/3
   105 | D:1      | Reached XP level 2. HP: 16/16 MP: 1/5
   310 | D:1      | Reached skill level 4 in Earth Magic
   310 | D:1      | Reached XP level 3. HP: 17/20 MP: 1/6
   311 | D:1      | Reached skill level 1 in Armour
   389 | D:1      | Reached skill level 1 in Fighting
   425 | D:1      | Learned a level 3 spell: Stone Arrow
  1503 | D:2      | Reached XP level 4. HP: 25/25 MP: 4/7
  2330 | D:3      | Noticed Grinder
  2475 | D:3      | Learned a level 3 spell: Passwall
  2491 | D:3      | Paralysed by Grinder for 5 turns
  2497 | D:3      | Killed Grinder
  2498 | D:3      | Reached skill level 5 in Earth Magic
  2498 | D:3      | Reached XP level 5. HP: 31/31 MP: 3/9
  2498 | D:3      | Reached XP level 6. HP: 36/36 MP: 3/10
  2570 | D:3      | Found Iqocwa's Magic Scroll Shop.
  2578 | D:3      | Bought a scroll of identify for 24 gold pieces
  2972 | D:4      | Found an ancient bone altar of Kikubaaqudgha.
  3173 | D:4      | Reached XP level 7. HP: 40/40 MP: 7/11
  3206 | D:4      | Found a bloodstained altar of Trog.
  3335 | D:4      | Reached skill level 6 in Earth Magic
  3598 | D:4      | Noticed Ijyb
  3612 | D:4      | Killed Ijyb
  3947 | D:4      | Noticed Pikel
  3977 | D:4      | HP: 2/41 [Pikel/+0 whip of flaming (1)]
  3978 | D:4      | Killed from afar by Pikel

Illustrated notes

Levels and vault maps discovered:
D:1:      saegor_arrival_simple_e, layout_loops_corners,
          kennysheep_small_spiral, minmay_surrounded
D:2:      layout_basic
D:3:      minmay_door_path, layout_rooms, serial_shops,
          nicolae_shop_hallway_stairs, nrook_loot_triangle, moated_statue,
          uniq_grinder
D:4:      minmay_evil_eye, layout_rooms, trog_three_pillars_becter,
          kiku_gazebo_garden_becter, temple_hall, serial_forest,
          infiniplex_forest_lined_room_, infiniplex_forest_lined_corner,
          infiniplex_forest_clump_tiny, infiniplex_forest_straight_3,
          infiniplex_forest_clump_tiny, infiniplex_forest_lined_room_2,
          infiniplex_forest_corner_1, infiniplex_forest_lined_2,
          infiniplex_forest_straight_4, minmay_fire_ice_demons, uniq_pikel,
          uniq_ijyb

Skill      XL: |  1  2  3  4  5  6  7 |
---------------+----------------------+-----
Earth Magic    | 4 5 6 |  6.3
Armour         | 1 2 3 |  3.2
Fighting       | 1 2 3 |  3.2
Conjurations   | 2 3 4 |  4.6
Spellcasting   | 3 |  3.4
Dodging        | |  1.5
Stealth        | |  2.1

Action                     |  1- 3 |  4- 6 |  7- 9 || total
---------------------------+-------+-------+-------++-------
  Melee: Unarmed           |     2 |       |    18 ||    20
         Dagger            |     3 |    24 |     6 ||    33
   Cast: Sandblast         |    38 |    62 |    32 ||   132
         Stone Arrow       |       |       |    15 ||    15
    Use: Scroll            |       |     2 |       ||     2
         Potion            |       |       |     3 ||     3
   Stab: Confused          |       |       |     1 ||     1
 Armour: Robe              |    20 |    20 |       ||    40
         Leather armour    |       |    17 |    55 ||    72
         Skin              |       |       |     7 ||     7
  Dodge: Dodged            |     7 |    44 |    29 ||    80
